 Dungeon Crawl Stone Soup version 0.28.0-62-gf88900778d (webtiles) character file.

Game seed: 18161682933072822976

36990 cbfl8 the Severer (level 13, -5/117 HPs)
             Began as a Hill Orc Berserker on July 5, 2023.
             Was an Elder of Trog.
             Slain by a boulder beetle (10 damage)
             ... on level 13 of the Dungeon.
             The game lasted 00:23:19 (24943 turns).

cbfl8 the Severer (Hill Orc Berserker)             Turns: 24943, Time: 00:23:20

Health: -5/117     AC: 22    Str: 21    XL:     13   Next: 93%
Magic:  13/13      EV: 11    Int:  7    God:    Trog [****..]
Gold:   480        SH:  0    Dex: 14    Spells: 12/12 levels left

rFire   + . .      SeeInvis .   k - +2 broad axe
rCold   . . .      Faith    .   (no shield)
rNeg    . . .      Spirit   .   j - +2 plate armour {rF+}
rPois   .          Reflect  .   c - +2 helmet
rElec   .          Harm     .   (no cloak)
rCorr   .          Rampage  .   (no gloves)
Will    .....                   y - +0 pair of boots
Stlth   ..........              (no amulet)
HPRegen 0.29/turn               a - ring of flight
MPRegen 0.13/turn               r - +4 ring of evasion

@: on berserk cooldown, flying, slowed, studying Invocations, very slow
A: no striking features
a: Renounce Religion, Berserk, Trog's Hand, Brothers in Arms


You were on level 13 of the Dungeon.
You worshipped Trog.
Trog was greatly pleased with you.
You visited 1 branch of the dungeon, and saw 13 of its levels.
You also visited: Sewer.

You collected 853 gold pieces.
You spent 373 gold pieces at shops.

Inventory:

Hand Weapons
 k - a +2 broad axe (weapon)
Missiles
 G - 3 throwing nets
 H - a silver javelin
 I - 5 javelins
Armour
 c - a +2 helmet (worn)
 j - a +2 plate armour of fire resistance (worn)
 y - a +0 pair of boots (worn)
Jewellery
 a - a ring of flight (left hand)
 r - a +4 ring of evasion (right hand)
 B - a ring of ice
Wands
 d - a wand of iceblast (5) (quivered)
 f - a wand of digging (7)
 i - a wand of polymorph (2)
 C - a wand of flame (10)
Scrolls
 e - 2 scrolls of magic mapping
 n - 5 scrolls of noise
 s - a scroll of enchant armour
 w - 2 scrolls of silence
Potions
 b - 4 potions of curing
 o - a potion of degeneration {unknown}
 p - a potion of flight {unknown}
 q - 2 potions of mutation
 t - 3 potions of might
 u - a potion of cancellation {unknown}
 A - a potion of invisibility {unknown}
 D - 2 potions of brilliance {unknown}
Miscellaneous
 v - a phial of floods
 E - a phantom mirror
 F - a piece from Xom's chessboard (15/15)


   Skills:
 + Level 11.9 Fighting
 + Level 17.7 Axes
 * Level 9.2 Throwing
 + Level 11.0 Armour
 - Level 2.3 Dodging
 + Level 1.8 Stealth
 * Level 9.4 Evocations


You had 12 spell levels left.
You didn't know any spells.
Your spell library was empty.

Dungeon Overview and Level Annotations

Branches:
Dungeon (13/15)            Temple (0/1) D:7            Lair (0/6) D:10
    Orc (0/2) D:9           Sewer (visited)
 Vaults: D:13-14

Altars:
Ashenzari
Dithmenos
Elyvilon
Gozag
Nemelex Xobeh
Ru
Trog
Wu Jian
Xom
Zin
The Shining One

Shops:
D:2 (*[   D:5 !   D:7 *   D:10 *   D:11 *   D:12 (

Annotations:
D:6 2 runed translucent doors, Gurantaxtaxq's ghost, novice GrEE


Message History

The boulder beetle waves its antennae.
The boulder beetle leaps!
You feel a strong urge to attack something.
You are no longer berserk.
You are exhausted.
You feel yourself slow down.
You hit the boulder beetle but do no damage.
The boulder beetle is moderately wounded.
The boulder beetle bites you but does no damage.
You slash the boulder beetle!
The boulder beetle is heavily wounded.
The boulder beetle barely misses you.
You slash the boulder beetle!
The boulder beetle is heavily wounded.
The boulder beetle bites you!!
* * * LOW HITPOINT WARNING * * *
Unknown command.
Aiming: Iceblast
Press: ? - help, Q - select action, (/) - cycle Shift-Dir - straight line The mass of ice explodes!
The iceblast engulfs the boulder beetle.
The boulder beetle is severely wounded.
The boulder beetle bites you!
* * * LOW HITPOINT WARNING * * *
Aiming: Iceblast
Press: ? - help, Q - select action, (/) - cycle Shift-Dir - straight line The mass of ice explodes!
The iceblast engulfs the boulder beetle!
The boulder beetle is severely wounded.
The boulder beetle bites you!!
* * * LOW HITPOINT WARNING * * *
The boulder beetle bites you.
* * * LOW HITPOINT WARNING * * *
Aiming: Iceblast
Press: ? - help, Q - select action, (/) - cycle Shift-Dir - straight line The mass of ice explodes!
The iceblast engulfs the boulder beetle!
The boulder beetle is almost dead.
The boulder beetle bites you!
You die...

#.# .### #.######....
. #........... .
#.......... .
#........# #
#........# #
#[)......############
#...@B...............
#....................
#####################


You could see a boulder beetle.

Vanquished Creatures
  A sphinx (D:13)
  A storm dragon (D:13)
  Kirke (D:12)
  A ghost moth (D:10)
  A deep elf annihilator (D:13)
  Snorg (D:11)
  3 boulder beetles
  A hydra (D:13)
  An ogre mage (D:10)
  A catoblepas (D:13)
  2 two-headed ogres (D:12)
  6 centaur warriors (D:13)
  4 skeletal warriors (D:11)
  2 deep elf pyromancers
  2 orc knights
  A deep elf zephyrmancer (D:13)
  3 ugly things (D:13)
  An elephant (D:11)
  3 cyclopes (D:12)
  2 manticores (D:13)
  Maurice (D:11)
  3 gargoyles
  An efreet (D:13)
  An unseen horror (D:10)
  2 yaktaurs
  2 kobold demonologists
  3 komodo dragons
  A tengu conjurer (D:13)
  4 trolls
  A merfolk (D:10)
  A meliai (D:11)
  4 slime creatures
  3 wraiths
  2 vampires
  5 wyverns
  4 shadows
  3 basilisks (D:10)
  16 yaks
  4 hogs (D:12)
  A vampire mosquito (D:13)
  An acid dragon (D:10)
  A water moccasin (D:8)
  2 ice beasts (D:6)
  3 orc warriors
  A sky beast (D:7)
  A hornet zombie (D:8)
  A black bear (D:5)
  A necrophage (D:8)
  An ogre (D:7)
  7 centaurs
  8 kobold brigands
  2 water moccasin zombies (D:6)
  A scorpion (D:5)
  A wyvern skeleton (D:7)
  A water moccasin skeleton (D:6)
  5 wights (D:6)
  5 howler monkeys
  A bullfrog zombie (D:7)
  9 orc priests
  A centaur skeleton (D:4)
  3 centaur zombies
  A gnoll shaman (D:6)
  3 jellies
  4 iguanas
  Terence (D:3)
  Jessica (D:2)
  Natasha (thrice) (D:2)
  A scorpion zombie (D:5)
  10 orc wizards
  2 killer bee zombies (D:8)
  A howler monkey zombie (D:9)
  Robin (D:1)
  7 gnolls
  A howler monkey skeleton (D:4)
  14 adders
  4 river rats (Sewer)
  2 white imps
  An ufetubus (D:6)
  2 adder skeletons
  7 worms
  4 dart slugs
  24 orcs
  9 ball pythons
  12 endoplasms
  7 giant cockroaches
  11 goblins
  20 hobgoblins
  8 jackals
  7 quokkas
  3 training dummies (D:12)
  3 bats
  35 kobolds
  9 rats
374 creatures vanquished.

Vanquished Creatures (collateral kills)
  A warg (shapeshifter) (D:10)
1 creature vanquished.

Vanquished Creatures (others)
  A shadow (D:13)
  A human (D:12)
  8 plants (D:1)
10 creatures vanquished.

Grand Total: 385 creatures vanquished

Notes
Turn   | Place    | Note
-------+----------+-------------------------------------------
     0 | D:1      | cbfl8 the Hill Orc Berserker began the quest for the Orb.
     0 | D:1      | Reached XP level 1. HP: 19/19 MP: 1/1
   384 | D:1      | Reached skill level 1 in Evocations
   384 | D:1      | Reached XP level 2. HP: 7/27 MP: 2/2
   686 | D:1      | Found a faded altar of an unknown god.
  1160 | D:1      | Reached XP level 3. HP: 33/33 MP: 3/3
  1911 | D:2      | Found Ytereqaytt's Armour Shoppe.
  1935 | D:2      | Found Wasch's General Store.
  1966 | D:2      | Bought a scroll of teleportation for 39 gold pieces
  1994 | D:2      | Reached skill level 1 in Throwing
  1996 | D:2      | Reached ** piety under Trog
  2129 | D:2      | Reached XP level 4. HP: 40/40 MP: 4/4
  2190 | D:2      | Noticed Jessica
  2197 | D:2      | Killed Jessica
  2198 | D:2      | Reached skill level 5 in Axes
  2463 | D:2      | Noticed Robin
  2743 | D:1      | Killed Robin
  2781 | D:2      | Reached XP level 5. HP: 40/47 MP: 5/5
  2808 | D:2      | Bought a +0 broad axe for 52 gold pieces
  2965 | D:2      | Noticed Natasha
  2967 | D:2      | Killed Natasha
  3320 | D:2      | Noticed Natasha
  3330 | D:2      | Killed Natasha
  3381 | D:2      | Reached skill level 6 in Axes
  3387 | D:2      | Noticed Natasha
  3394 | D:2      | Killed Natasha
  3467 | D:2      | Found Keva's Weapon Shop.
  3682 | D:3      | Reached XP level 6. HP: 52/53 MP: 6/6
  3716 | D:3      | Noticed Terence
  3724 | D:3      | Killed Terence
  3724 | D:3      | Reached *** piety under Trog
  4573 | D:4      | Reached skill level 7 in Axes
  4573 | D:4      | Reached XP level 7. HP: 60/60 MP: 7/7
  4703 | D:4      | Found a glowing silver altar of Zin.
  4743 | D:4      | Found an opulent altar of Gozag.
  4844 | D:4      | Found a bloodstained altar of Trog.
  4849 | D:4      | Found an ornate altar of the Wu Jian Council.
  4850 | D:4      | Found a glowing golden altar of the Shining One.
  4852 | D:4      | Found a shimmering altar of Xom.
  4854 | D:4      | Found a sparkling altar of Nemelex Xobeh.
  5153 | D:5      | Entered Level 5 of the Dungeon
  5198 | D:5      | Found a glowing drain.
  5222 | D:5      | Reached skill level 5 in Fighting
  5333 | Sewer    | Entered a sewer
  5383 | Sewer    | Reached **** piety under Trog
  5649 | Sewer    | Reached skill level 8 in Axes
  5791 | Sewer    | Reached XP level 8. HP: 64/68 MP: 8/8
  6698 | D:5      | Found Zeapumad's Distillery.
  6733 | D:5      | Bought a potion of heal wounds for 55 gold pieces
  6733 | D:5      | Bought a potion of might for 44 gold pieces
  6733 | D:5      | Bought a potion of curing for 33 gold pieces
  6948 | D:5      | Found a broken altar of Ashenzari.
  6989 | D:5      | Reached skill level 5 in Armour
  7308 | D:6      | Reached skill level 9 in Axes
  7359 | D:6      | Found a large runed translucent door.
  7360 | D:6      | Found a large runed translucent door.
  7634 | D:6      | Reached XP level 9. HP: 75/75 MP: 9/9
  8141 | D:6      | Reached skill level 10 in Axes
  8308 | D:6      | Reached ***** piety under Trog
  8377 | D:6      | Noticed Gurantaxtaxq's ghost (novice GrEE)
  8917 | D:7      | Noticed a komodo dragon
  8922 | D:7      | Killed a komodo dragon
  8928 | D:7      | Noticed a gargoyle
  8963 | D:7      | Reached skill level 11 in Axes
  9385 | D:7      | Found a sacrificial altar of Ru.
  9387 | D:7      | Found a white marble altar of Elyvilon.
  9390 | D:7      | Killed a gargoyle
  9486 | D:7      | Found Vanguosch's General Store.
  9508 | D:7      | Reached skill level 5 in Evocations
  9596 | D:7      | Found a staircase to the Ecumenical Temple.
  9744 | D:7      | Reached skill level 5 in Throwing
  9798 | D:7      | Reached XP level 10. HP: 49/86 MP: 10/10
 10001 | D:7      | Noticed a gargoyle
 10006 | D:7      | Killed a gargoyle
 10803 | D:8      | Reached skill level 12 in Axes
 12265 | D:9      | Reached skill level 13 in Axes
 12605 | D:9      | Found a staircase to the Orcish Mines.
 13335 | D:10     | Entered Level 10 of the Dungeon
 13344 | D:10     | Found a shadowy altar of Dithmenos.
 14078 | D:10     | Reached XP level 11. HP: 83/95 MP: 11/11
 14918 | D:10     | Received a gift from Trog
 15437 | D:10     | Found a staircase to the Lair.
 15672 | D:10     | Noticed an ogre mage
 15685 | D:10     | Killed an ogre mage
 15686 | D:10     | Reached skill level 14 in Axes
 15877 | D:10     | Identified the +3 leather armour "Fecvul" {rElec rPois rF+
                  | Str+4}
 15900 | D:10     | Noticed a five-headed hydra
 15900 | D:10     | You are sucked into a shaft and drop 2 floors!
 16370 | D:10     | Found Vyibutt's Neck Hole.
 16417 | D:10     | Noticed a boulder beetle
 16417 | D:10     | Noticed an orc knight
 16580 | D:10     | a five-headed hydra changed into something unseen
 16601 | D:10     | Killed a ghost moth
 16996 | D:10     | a boulder beetle changed into a merfolk
 17171 | D:10     | Killed an orc knight
 17527 | D:11     | Noticed Maurice
 17546 | D:11     | Killed Maurice
 17547 | D:11     | Reached XP level 12. HP: 42/106 MP: 12/12
 18064 | D:11     | Reached skill level 15 in Axes
 18111 | D:11     | HP: 4/106 [something (9)]
 18117 | D:11     | HP: 5/106 [something (1)]
 18958 | D:11     | Noticed Snorg
 18972 | D:11     | Killed Snorg
 18973 | D:11     | Reached skill level 10 in Fighting
 19374 | D:11     | Found Uhoteub's Elemental Accessories.
 20700 | D:12     | Found Daimnext's Firing Range.
 20752 | D:12     | Noticed Kirke
 20767 | D:12     | Killed Kirke
 20915 | D:12     | Noticed a two-headed ogre
 20925 | D:12     | Killed a two-headed ogre
 20926 | D:12     | Reached skill level 16 in Axes
 21136 | D:12     | Noticed a two-headed ogre
 21152 | D:12     | Killed a two-headed ogre
 21215 | D:12     | Reached XP level 13. HP: 89/115 MP: 13/13
 21569 | D:12     | Reached skill level 10 in Armour
 21732 | D:12     | Bought a throwing net for 45 gold pieces
 21732 | D:12     | Bought 3 javelins for 36 gold pieces
 21732 | D:12     | Bought 2 javelins for 24 gold pieces
 21732 | D:12     | Bought a throwing net for 45 gold pieces
 21745 | D:13     | Noticed a storm dragon
 21745 | D:13     | an eight-headed hydra changed into a storm dragon
 21769 | D:13     | Killed a storm dragon
 22487 | D:13     | Noticed a deep elf annihilator
 22494 | D:13     | Killed a deep elf annihilator
 22804 | D:13     | Reached skill level 17 in Axes
 23144 | D:13     | Noticed a sphinx
 23144 | D:13     | Noticed an ettin
 23169 | D:13     | Noticed an iron dragon
 23488 | D:13     | Reached skill level 1 in Stealth
 23500 | D:13     | HP: 4/116 [white ugly thing (12)]
 24187 | D:13     | Killed a sphinx
 24942 | D:13     | HP: 4/117 [boulder beetle (2)]
 24943 | D:13     | Slain by a boulder beetle

Illustrated notes

Levels and vault maps discovered:
D:1:      dpeg_arrival_morbid_curiosity, layout_loops_corners,
          dilly_ecumenical_altar_fadedgnrine, serial_bayou_lake_a
D:2:      layout_basic, serial_shops, nicolae_shop_waterfront, shop,
          nicolae_shop_stone, uniq_natasha, uniq_jessica, uniq_robin
D:3:      layout_basic, nicolae_wormholes, uniq_terence
D:4:      layout_gridville, pdpol_temple_overflow_zin_treasury_gozag_greed,
          minitemple
D:5:      layout_basic, kennysheep_mini_moat, gup_sewer_entry_glass,
          serial_shops, nicolae_shop_window_shopping, lemuel_old_faithful
D:6:      layout_loops_ring, ebering_ghost_disaster_area
D:7:      layout_basic, gammafunk_temple_overflow_pools,
          minmay_temple_entry_proselytizer, serial_shops, shop_statue,
          supply_closet_lemuel, kb_rosetta
D:8:      layout_basic
D:9:      layout_cave_pools, orc_0_dummy, minmay_strange_pillars,
          corexii_hall_statues_s
D:10:     minmay_tri_box, layout_rooms, grunt_dithmenos_smoke, erik_lair_dragon,
          serial_rivers, chequers_serial_rivers_micro_a,
          chequers_serial_rivers_small_3, chequers_serial_rivers_large_b,
          chequers_serial_rivers_micro_b, hangedman_abyss_or_decor_stabs,
          nicolae_shop_sticking_my_neck_out
D:11:     layout_cave_pools, nicolae_elemental_shop, uniq_maurice, uniq_snorg
D:12:     layout_cave_pools, nicolae_shop_firing_range, uniq_kirke
D:13:     layout_long_grid, chequers_serial_rivers_marsh, nicolae_rejected_hall

Skill      XL: |  1  2  3  4  5  6  7  8  9 10 11 12 13 |
---------------+----------------------------------------+-----
Evocations     | 1 2 3 5 6 7 8 9 |  9.4
Throwing       | 1 2 3 5 6 7 8 9 |  9.2
Fighting       | 4 5 6 7 8 9 10 11 | 11.9
Axes           | 5 6 7 8 9 11 13 14 16 17 | 17.7
Armour         | 3 4 5 6 7 8 9 11 | 11.0
Dodging        | 2 |  2.3
Stealth        | 1 |  1.8

Action                   |  1- 3 |  4- 6 |  7- 9 | 10-12 | 13-15 || total
-------------------------+-------+-------+-------+-------+-------++-------
Melee: Hand axe          |   124 |    59 |       |       |       ||   183
       Unarmed           |       |     1 |       |       |       ||     1
       Broad axe         |       |   119 |   401 |   571 |   207 ||  1298
       Punch             |       |     1 |     1 |    12 |     3 ||    17
Throw: Javelin           |       |       |       |       |     1 ||     1
Invok: Berserk           |       |       |       |     9 |    10 ||    19
       Trog's Hand       |       |       |       |     2 |     1 ||     3
Evoke: Wand              |       |       |     7 |    12 |    11 ||    30
  Use: Scroll            |       |     3 |     5 |    16 |     6 ||    30
       Potion            |       |       |     2 |     6 |     1 ||     9
 Stab: Paralysed         |       |       |       |       |     8 ||     8
Armor: Animal skin       |     8 |       |       |       |       ||     8
       Chain mail        |    31 |   120 |   225 |   399 |       ||   775
       Plate armour      |       |       |       |   125 |   139 ||   264
Dodge: Dodged            |    69 |    84 |   184 |   326 |   112 ||   775
